 Dungeon Crawl Stone Soup version 0.27.1-33-g824d729ab1 (webtiles) character file.

Game seed: 3003651430752944713

2500 zeram the Nimble (level 9, 0/34 (43) HPs)
             Began as a Spriggan Fighter on Dec 26, 2021.
             Was an Initiate of Dithmenos.
             Slain by a wight (11 damage)
             ... on level 6 of the Dungeon.
             The game lasted 00:19:16 (13297 turns).

zeram the Nimble (Spriggan Fighter)                Turns: 13297, Time: 00:19:17

HP:   0/34 (43)     AC:  2    Str: 13    XL:     9   Next: 28%
MP:   19/19         EV: 23    Int: 12    God:    Dithmenos [......]
Gold: 56            SH:  7    Dex: 14    Spells: 8/8 levels left

rFire    . . .     SeeInvis +   f - +3 dagger
rCold    + . .     Faith    .   t - +0 buckler {rPois}
rNeg     . . .     Spirit   .   b - +0 robe
rPois    +         Reflect  .   (helmet restricted)
rElec    .         Harm     .   (no cloak)
rCorr    .         Rampage  .   (gloves unavailable)
Will     +....                  (boots unavailable)
Stlth    ++++......             (no amulet)
HPRegen  0.11/turn              i - ring of protection from cold
MPRegen  0.16/turn              u - ring of magical power

@: heavily drained, very quick
A: very small, no large weapons, unfitting armour, see invisible, speed 3
a: Renounce Religion


You were on level 6 of the Dungeon.
You worshipped Dithmenos.
Dithmenos was noncommittal.
You visited 1 branch of the dungeon, and saw 7 of its levels.

You collected 363 gold pieces.
You spent 307 gold pieces at shops.

Inventory:

Hand Weapons
 a - a +2 rapier
 f - a +3 dagger (weapon)
Missiles
 c - 13 poisoned darts
 p - 90 stones
 s - 5 curare-tipped darts (quivered)
Armour
 b - a +0 robe (worn)
 t - a +0 buckler of poison resistance (worn)
Jewellery
 i - a ring of protection from cold (left hand)
 u - a ring of magical power (right hand)
Wands
 o - a wand of digging (12)
Scrolls
 d - 5 scrolls of teleportation
 g - a scroll of amnesia
 q - 2 scrolls of fear
Potions
 e - a potion of cancellation
 h - a potion of haste
 j - 2 potions of berserk rage
 k - 2 potions of heal wounds {unknown}
 l - 2 potions of mutation
 m - a potion of flight {unknown}


   Skills:
 - Level 2.4 Fighting
 - Level 2.1 Short Blades
 - Level 0.6 Throwing
 + Level 11.4 Dodging
 + Level 10.0 Stealth
 + Level 5.5 Shields
 - Level 0.8 Evocations


You had 8 spell levels left.
You didn't know any spells.
Your spell library contained the following spells:

 Spells                   Type           Power      Damage    Failure   Level
 Ignite Poison            Fire/Tmut/Pois 0%         N/A       73%         3
 Mephitic Cloud           Conj/Pois/Air  0%         N/A       73%         3
 Ozocubu's Armour         Ice            0%         N/A       73%         3
 Bolt of Magma            Conj/Fire/Erth 0%         4d4       100%        5
 Metabolic Englaciation   Hex/Ice        0%         N/A       100%        5
 Simulacrum               Ice/Necr       0%         N/A       100%        6


Dungeon Overview and Level Annotations

Branches:
Dungeon (7/15)
 Temple: D:4-7

Altars:
Ashenzari
Cheibriados
Dithmenos
Elyvilon
Hepliaklqana
Nemelex Xobeh
Uskayaw
Vehumet
Yredelemnul

Shops:
D:5 **

Annotations:
D:2 Sigmund


Innate Abilities, Weirdness & Mutations

You are very small and have problems with some larger weapons.
You are too small for most types of armour.
You have supernaturally acute eyesight. (SInv)
You cover ground extremely quickly. (Speed+++)


Message History

You hit the wight.
The wight is lightly damaged.
The wight hits you with a +0 long sword!
You feel drained.
You hit the wight.
The wight is moderately damaged.
You block the wight's attack.
You hit the wight but do no damage.
The wight is moderately damaged.
You block the wight's attack.
You hit the wight but do no damage.
The wight is moderately damaged.
You block the wight's attack.
You hit the wight but do no damage.
The wight is moderately damaged.
The wight hits you with a +0 long sword!
You puncture the wight!
The wight is severely damaged.
The wight closely misses you.
You hit the wight but do no damage.
The wight is severely damaged.
The wight closely misses you.
You hit the wight.
The wight is almost destroyed.
The wight misses you.
You barely miss the wight.
The wight is almost destroyed.
The wight hits you with a +0 long sword!
You closely miss the wight.
The wight is almost destroyed.
You hit the wight.
The wight is almost destroyed.
The wight misses you.
You closely miss the wight.
The wight is almost destroyed.
The wight closely misses you.
You hit the wight but do no damage.
The wight is almost destroyed.
The wight hits you with a +0 long sword!
You die...

#####.###############.#.......#..
......................#.......#.#
#####.###############.##.....##.#
# #.# #....#.......####.####.. #
#.# #....#.#..##.[.........# #
#.# #....#.#....#...#.###..# #
#.# #....#.#..#.#...#.# ##.# #
#.####....#.#....#...#.# #.# #
#.#<.§§...'.@z...#.#.#.# #.# #
#.####§§.[#..........#.# #.# #
#.# #§§§§######.#...#.# #.. # #.#
#.§§.# #.#.#.#.# ##. # #.# ######
#.#.#.#.# #. # #.# #.#.#.#.# ## #
#.# #.#.#.#.# # # #.# #)#.#.#.# #
# #.##### ########.#.#.#.#


You could see a wight.

Vanquished Creatures
  Pikel (D:6)
  Eustachio (D:4)
  Edmund (D:4)
  A water moccasin (D:5)
  An ice beast (D:4)
  2 black bears (D:6)
  2 orc warriors
  A necrophage (D:4)
  3 ogres
  A phantom (D:4)
  A bullfrog (D:6)
  A scorpion (D:6)
  2 water moccasin skeletons (D:6)
  3 wights
  A howler monkey (D:5)
  A hound (D:6)
  An orc priest (D:7)
  2 centaur skeletons
  2 iguanas (D:6)
  A bullfrog skeleton (D:5)
  A hound skeleton (D:5)
  4 gnolls (D:4)
  11 adders
  2 white imps
  3 worms
  3 dart slugs
  13 orcs
  7 bats
  8 endoplasms
  6 giant cockroaches
  5 hobgoblins
  A jackal (D:2)
  5 kobolds
  2 quokkas
  11 ball pythons
  7 frilled lizards
  6 goblins
  7 rats
131 creatures vanquished.

Vanquished Creatures (others)
  2 plants (D:2)
2 creatures vanquished.

Grand Total: 133 creatures vanquished

Notes
Turn   | Place    | Note
-------+----------+-------------------------------------------
     0 | D:1      | zeram the Spriggan Fighter began the quest for the Orb.
     0 | D:1      | Reached XP level 1. HP: 11/11 MP: 2/2
     2 | D:1      | Noticed a draconian
     2 | D:1      | Noticed a gargoyle
     4 | D:1      | Noticed a spriggan
     4 | D:1      | Noticed a human
     6 | D:1      | Noticed an elf
     6 | D:1      | Noticed an octopode
     8 | D:1      | Noticed a palentonga
     8 | D:1      | Noticed a formicid
    10 | D:1      | Noticed a demonspawn
    10 | D:1      | Noticed a troll
    12 | D:1      | Noticed a naga
    12 | D:1      | Noticed a tengu
    14 | D:1      | Noticed a barachi
    14 | D:1      | Noticed a djinni
    16 | D:1      | Noticed an ogre
    16 | D:1      | Noticed a ghoul
    18 | D:1      | Noticed a felid
    20 | D:1      | Noticed a minotaur
    22 | D:1      | Noticed a dwarf
    22 | D:1      | Noticed a vine stalker
    24 | D:1      | Noticed a merfolk
    26 | D:1      | Noticed a vampire
    26 | D:1      | Noticed a demigod
   647 | D:1      | Reached XP level 2. HP: 12/16 MP: 3/3
  1106 | D:1      | Reached skill level 5 in Dodging
  1235 | D:2      | Reached XP level 3. HP: 6/19 MP: 4/4
  1696 | D:2      | Found a faded altar of an unknown god.
  2537 | D:2      | Reached skill level 1 in Stealth
  3101 | D:2      | Reached XP level 4. HP: 16/23 MP: 5/5
  3440 | D:2      | Noticed Sigmund
  4196 | D:3      | Found a snail-covered altar of Cheibriados.
  4895 | D:3      | Reached skill level 6 in Dodging
  4895 | D:3      | Reached XP level 5. HP: 27/27 MP: 6/6
  5535 | D:4      | Noticed Eustachio
  5550 | D:4      | Killed Eustachio
  5551 | D:4      | Reached XP level 6. HP: 32/32 MP: 7/7
  5658 | D:4      | Found a white marble altar of Elyvilon.
  5940 | D:4      | Found a sparkling altar of Nemelex Xobeh.
  6031 | D:4      | Reached skill level 7 in Dodging
  6031 | D:4      | Reached skill level 5 in Stealth
  6156 | D:4      | Found a hazy altar of Hepliaklqana.
  6435 | D:4      | Noticed Edmund
  7042 | D:5      | Entered Level 5 of the Dungeon
  7316 | D:5      | Reached XP level 7. HP: 18/35 MP: 8/8
  7434 | D:5      | Found Rung's General Store.
  7437 | D:5      | Bought a wand of paralysis (6) for 88 gold pieces
  7664 | D:3      | HP: 1/35 [poisoned by a wight]
  8044 | D:4      | Reached skill level 8 in Dodging
  9108 | D:4      | Killed Edmund
  9430 | D:5      | Reached XP level 8. HP: 35/39 MP: 9/9
  9483 | D:4      | Found a radiant altar of Vehumet.
  9483 | D:4      | Found a broken altar of Ashenzari.
  9497 | D:4      | Reached skill level 9 in Dodging
  9791 | D:5      | Found Soughuf's Serpentskin Sales.
 10055 | D:5      | Bought a +0 buckler of poison resistance for 119 gold
                  | pieces
 10067 | D:5      | Bought 9 poisoned darts for 50 gold pieces
 10067 | D:5      | Bought 6 curare-tipped darts for 50 gold pieces
 10525 | D:6      | Found a shadowy altar of Dithmenos.
 10551 | D:6      | Found a basalt altar of Yredelemnul.
 10975 | D:6      | Reached skill level 10 in Dodging
 11192 | D:6      | Reached skill level 5 in Shields
 11276 | D:6      | Noticed Pikel
 11305 | D:6      | HP: 1/39 [poisoned by a scorpion]
 11842 | D:6      | Killed Pikel
 11843 | D:6      | Reached skill level 11 in Dodging
 11843 | D:6      | Reached XP level 9. HP: 33/43 MP: 10/10
 12145 | D:6      | Found a hide-covered altar of Uskayaw.
 12612 | D:6      | Became a worshipper of Dithmenos the Shadowed
 12677 | D:7      | Reached skill level 10 in Stealth
 13297 | D:6      | Slain by a wight

Illustrated notes

Levels and vault maps discovered:
D:1:      kb_arrival_jail, layout_basic
D:2:      minmay_recursive_quarters, layout_loops_ring,
          shapermc_ecumenical_altar_acropolis, uniq_sigmund
D:3:      layout_basic, lemuel_coloured_pillars_altar
D:4:      layout_basic, elyvilon_altar_3, nicolae_overflow_hidden_temple,
          mainiacjoe_overflow_concentric_impassable,
          mainiacjoe_overflow_cross_hatched, grunt_decor_fettered,
          hangedman_abyss_or_decor_stabs, kennysheep_generic_room_15,
          uniq_edmund, uniq_eustachio
D:5:      layout_gridville, serial_shops, kennysheep_mini_moat,
          cheibrodos_sewer_entry_drain, serial_rivers,
          chequers_serial_rivers_small_b, chequers_serial_rivers_micro_a,
          chequers_serial_rivers_large_a, chequers_serial_rivers_micro_d,
          chequers_serial_rivers_small_3, chequers_serial_rivers_small_3,
          guppyfry_shop_venom
D:6:      layout_basic, overflow_temple_1_default, old_standard_altar,
          grunt_dithmenos_smoke, chequers_mini_garden, uniq_pikel
D:7:      lemuel_ice_spiral_2, layout_rooms, mainiacjoe_overflow_boulevard,
          nicolae_wu_jian_glorious_leap, minmay_temple_entry_antechambers,
          columned_hall_lemuel, dk_vineyard_1

Skill      XL: |  1  2  3  4  5  6  7  8  9 |
---------------+----------------------------+-----
Dodging        | 5 6 7 8 11 | 11.4
Stealth        | 1 3 4 6 7 9 10 | 10.0
Shields        | 3 4 5 |  5.5
Fighting       | |  2.4
Short Blades   | |  2.1
Throwing       | |  0.6
Evocations     | |  0.8

Action                   |  1- 3 |  4- 6 |  7- 9 || total
-------------------------+-------+-------+-------++-------
Melee: Rapier            |   181 |   170 |    34 ||   385
       Dagger            |       |       |   395 ||   395
Throw: Stone             |       |       |     8 ||     8
       Dart              |       |       |     3 ||     3
Evoke: Wand              |       |       |     6 ||     6
  Use: Potion            |     6 |     1 |     1 ||     8
       Scroll            |     2 |     6 |     3 ||    11
 Stab: Sleeping          |     6 |     6 |     9 ||    21
       Paralysed         |       |       |     6 ||     6
       Distracted        |       |       |     1 ||     1
Armor: Robe              |    16 |     8 |    14 ||    38
Dodge: Dodged            |   132 |   108 |   318 ||   558
Block: Buckler           |    56 |    38 |   138 ||   232
